 Dungeon Crawl Stone Soup version 0.27-a0-1137-g3ef0f4ec91 (webtiles) character file.

Game seed: 4373807464428157292

207 Zeld the Chucker (level 5, -4/36 HPs)
             Began as an Octopode Fighter on May 6, 2021.
             Slain by a gnoll
             ... wielding a +0 spear
              (5 damage)
             ... on level 3 of the Dungeon.
             The game lasted 00:04:03 (1985 turns).

Zeld the Chucker (Octopode Fighter)                 Turns: 1985, Time: 00:04:04

Health: -4/36      AC:  1    Str: 16    XL:     5   Next: 85%
Magic:  5/5        EV: 11    Int: 11    God:
Gold:   130        SH: 13    Dex: 11    Spells: 4/4 levels left

rFire    . . .     SeeInvis .   a - +0 war axe
rCold    . . .     Faith    .   b - +0 kite shield
rNeg     . . .     Spirit   .   (helmet restricted)
rPois    .         Reflect  +   s - amulet of reflection
rElec    .         Harm     .   (no ring)
rCorr    .         Rampage  .   (no ring)
Will     .....                  (no ring)
Stlth    ++........             (no ring)
HPRegen  0.12/turn              (no ring)
MPRegen  0.09/turn              (no ring)
                                (no ring)
                                (no ring)

@: mighty
A: almost no armour, amphibious, 8 rings, camouflage 1, gelatinous body 1,
(nimble swimmer 1), tentacles
a: no special abilities


You were on level 3 of the Dungeon.
You visited 1 branch of the dungeon, and saw 3 of its levels.

You collected 130 gold pieces.

Inventory:

Hand Weapons
 a - a +0 war axe (weapon)
Missiles
 e - 33 poisoned darts (quivered)
Armour
 b - a +0 kite shield (worn)
Jewellery
 s - an amulet of reflection (around mantle)
Scrolls
 f - 2 scrolls of enchant weapon {unknown}
 k - a scroll of amnesia {unknown}
 m - a scroll of magic mapping {unknown}
 o - 2 scrolls of identify {unknown}
 p - a scroll of acquirement {unknown}
Potions
 c - a potion of might
 d - a potion of invisibility {unknown}
 g - a potion of berserk rage {unknown}
 h - a potion of attraction {unknown}
 i - a potion of mutation {unknown}
 j - a potion of flight {unknown}
 l - 3 potions of curing {unknown}
 n - 2 potions of resistance {unknown}
 q - 2 potions of heal wounds {unknown}
 r - a potion of ambrosia {unknown}
 t - a potion of lignification {unknown}


   Skills:
 - Level 3.0 Fighting
 - Level 2.0 Axes
 * Level 5.4 Throwing
 - Level 3.0 Dodging
 - Level 3.0 Shields


You had 4 spell levels left.
You didn't know any spells.
Your spell library contained the following spells:

 Spells                   Type           Power      Damage    Failure   Level
 Foxfire                  Conj/Fire      0%         2x1d4     86%         1
 Magic Dart               Conj           0%         1d3       86%         1
 Blink                    Tloc           N/A        N/A       94%         2
 Call Imp                 Summ           0%         N/A       94%         2
 Slow                     Hex            0%         N/A       94%         2
 Conjure Flame            Conj/Fire      0%         6-21      99%         3
 Inner Flame              Hex/Fire       0%         N/A       99%         3
 Mephitic Cloud           Conj/Pois/Air  0%         N/A       99%         3
 Sticky Flame             Conj/Fire      0%         2d3       100%        4
 Fireball                 Conj/Fire      0%         3d3       100%        5


Dungeon Overview and Level Annotations

Branches:
Dungeon (3/15)

Altars:


Innate Abilities, Weirdness & Mutations

You cannot wear most types of armour.
You are amphibious.
You can wear up to eight rings at the same time.
Your skin changes colour to match your surroundings (Stealth+).
Your rubbery body absorbs attacks. (AC +1, EV +1)
((You are camouflaged near water. (Stealth+)))
You have tentacles for arms and can constrict up to eight enemies at once.


Message History

You block the gnoll's attack. The gnoll closely misses you.
As you open the large door, it creaks loudly!
A goblin and an orc come into view.
The goblin shouts!
The orc shouts!
You block the gnoll's attack. The goblin hits you with a +0 dagger.
The orc throws a boomerang.
You reflect the boomerang off an invisible shield around you!
The boomerang misses the orc.
There is a large open door here.
You hit the gnoll. Your grab misses the gnoll.
The gnoll is moderately wounded.
You barely miss the goblin. You block the goblin's attack.
You block the gnoll's attack. The goblin hits you with a +0 dagger.
You closely miss the gnoll. Your grab misses the gnoll.
You squeeze the gnoll, but do no damage.
The gnoll is moderately wounded.
You completely miss the goblin. You block the gnoll's attack.
The gnoll completely misses you. You block the goblin's attack.
The orc hits you with a +0 falchion. The gnoll barely misses you.
The gnoll hits you with a +0 whip!
You are too injured to fight recklessly!
You are too injured to fight recklessly!
You are too injured to fight recklessly!
You barely miss the goblin. Your grab misses the goblin. You slash the gnoll!
You kill the gnoll!
You closely miss the orc. The goblin hits you with a +0 dagger.
* * * LOW HITPOINT WARNING * * *
The orc closely misses you. The gnoll closely misses you.
You block the goblin's attack. You block the orc's attack.
The gnoll hits you from afar with a +0 spear.
* * * LOW HITPOINT WARNING * * *
Unknown command.
You feel very mighty all of a sudden. The goblin hits you with a +0 dagger.
* * * LOW HITPOINT WARNING * * *
You block the gnoll's attack. You block the orc's attack.
Unknown command.
The frilled lizard unfolds its giant frill.
The gnoll hits you with a +0 spear.
You die...

#.# #.# #.###
#...# #######
#.g.# #§§≈≈≈≈
#...# #≈#§§#≈###
#...# #≈.##..o.#
#.).#.#≈.##..g.#
###.##.#≈#§§#≈#@#
#......#§≈§§§≈#g#
#.#....########g#
#g#..........#gl#
#.#......g.....##
#g##...g.....###
#$##.........#
#.##.........#
#..'.........#


You could see 3 gnolls, an orc, a goblin and a frilled lizard.

Vanquished Creatures
  A necrophage (D:2)
  4 gnolls (D:3)
  5 dart slugs
  4 orcs (D:3)
  7 ball pythons
  6 endoplasms
  3 giant cockroaches (D:2)
  3 goblins
  7 hobgoblins
  3 jackals (D:2)
  2 quokkas
  5 bats
  3 frilled lizards
  6 kobolds
  7 rats
66 creatures vanquished.

Notes
Turn   | Place    | Note
-------+----------+-------------------------------------------
     0 | D:1      | Zeld the Octopode Fighter began the quest for the Orb.
     0 | D:1      | Reached XP level 1. HP: 16/16 MP: 1/1
    65 | D:1      | Reached skill level 1 in Throwing
    96 | D:1      | Reached XP level 2. HP: 21/21 MP: 2/2
   195 | D:1      | Reached skill level 2 in Throwing
   546 | D:1      | Reached XP level 3. HP: 21/26 MP: 3/3
   950 | D:2      | Reached skill level 3 in Throwing
  1050 | D:2      | Found a faded altar of an unknown god.
  1094 | D:2      | Noticed a necrophage
  1096 | D:2      | Killed a necrophage
  1097 | D:2      | Reached skill level 4 in Throwing
  1097 | D:2      | Reached XP level 4. HP: 31/31 MP: 4/4
  1097 | D:2      | Reached XP level 5. HP: 36/36 MP: 5/5
  1691 | D:3      | Reached skill level 5 in Throwing
  1984 | D:3      | HP: 1/36 [goblin/+0 dagger (4)]
  1985 | D:3      | Slain by a gnoll

Illustrated notes

Levels and vault maps discovered:
D:1:      elethiomel_arrival_infinity_welcomes_careful_drivers, layout_basic
D:2:      layout_loops_ring, basic_ecumenical_altar
D:3:      layout_basic, portal_sewer_entry_b, kennysheep_generic_room_15

Skill      XL: |  1  2  3  4  5 |
---------------+----------------+-----
Throwing       | 1 2 4 5 |  5.4
Fighting       | |  3.0
Axes           | |  2.0
Dodging        | |  3.0
Shields        | |  3.0

Action                   |  1- 3 |  4- 6 || total
-------------------------+-------+-------++-------
Melee: War axe           |    55 |    50 ||   105
       Constrict         |    15 |    15 ||    30
       Tentacles         |     8 |    12 ||    20
  Use: Potion            |       |     1 ||     1
 Stab: Sleeping          |     8 |     5 ||    13
       Distracted        |       |     1 ||     1
Armor: Skin              |     4 |     2 ||     6
Dodge: Dodged            |    15 |    26 ||    41
Block: Kite shield       |    26 |    41 ||    67
       Reflection        |       |     1 ||     1

Table legend: (Time is in decaauts)
 A = Elapsed time spent in this place.
 B = Non-inter-level travel time spent in this place.
 C = Inter-level travel time spent in this place.
 D = Time resting spent in this place.
 E = Time spent auto-exploring this place.
 F = Levels seen in this place.
 G = Mean time per level.
                   A        B        C        D        E       F      G
               +--------+--------+--------+--------+--------+-----+--------+
         Total |   2051 |   2003 |     48 |      2 |   1362 |   3 |  683.7 |
       Dungeon |   2051 |   2003 |     48 |      2 |   1362 |   3 |  683.7 |
               +--------+--------+--------+--------+--------+-----+--------+

Top non-repeatable levels by time:
     D:1: 963 daAuts
     D:2: 758 daAuts
     D:3: 330 daAuts
